 Dungeon Crawl Stone Soup version 0.27-a0-1193-g8631133539 (webtiles) character file.

Game seed: 4337128185198359025

14 freelancePsychic the Skirmisher (level 2, -1/19 HPs)
             Began as a Gargoyle Fighter on May 26, 2021.
             Slain by a hobgoblin (2 damage)
             ... on level 1 of the Dungeon.
             The game lasted 00:00:39 (321 turns).

freelancePsychic the Skirmisher (Gargoyle Fighter)   Turns: 321, Time: 00:00:39

Health: -1/19      AC:  9    Str: 19    XL:     2   Next: 41%
Magic:  2/2        EV:  7    Int:  8    God:
Gold:   20         SH:  9    Dex:  9    Spells: 1/1 levels left

rFire    . . .     SeeInvis .   a - +0 flail
rCold    . . .     Faith    .   c - +0 kite shield
rNeg     + . .     Spirit   .   b - +0 scale mail
rPois    ∞         Reflect  .   (no helmet)
rElec    +         Harm     .   (no cloak)
rCorr    .         Rampage  .   (no gloves)
Will     .....                  (no boots)
Stlth    ..........             (no amulet)
HPRegen  0.06/turn              (no ring)
MPRegen  0.08/turn              (no ring)

@: no status effects
A: sickness immunity, AC +2, negative energy resistance 1, electricity
resistance, torment resistance 1, petrification resistance
a: no special abilities


You were on level 1 of the Dungeon.
You visited 1 branch of the dungeon, and saw 1 of its levels.

You collected 20 gold pieces.

Inventory:

Hand Weapons
 a - a +0 flail (weapon)
Armour
 b - a +0 scale mail (worn)
 c - a +0 kite shield (worn)
Potions
 d - a potion of might


   Skills:
 + Level 3.4 Fighting
 * Level 2.4 Maces & Flails
 + Level 3.4 Armour
 + Level 3.4 Shields


You had one spell level left.
You didn't know any spells.
Your spell library was empty.

Dungeon Overview and Level Annotations

Branches:
Dungeon (1/15)

Altars:


Innate Abilities, Weirdness & Mutations

You are immune to sickness and miasma.
Your stone body is resilient. (AC +2)
You are immune to poison.
You resist negative energy. (rN+)
You are resistant to electric shocks. (rElec)
You are resistant to unholy torment.
You are immune to petrification.


Message History

You kill the goblin!
You block the hobgoblin's attack.
The hobgoblin hits you but does no damage.
The rat closely misses you.
You barely miss the rat. You block the hobgoblin's attack. The rat bites you.
* * * LOW HITPOINT WARNING * * *
You block the hobgoblin's attack.
You hit the rat.
The rat is heavily wounded.
You block the rat's attack. You block the hobgoblin's attack.
The rat bites you but does no damage.
You closely miss the rat.
The rat is heavily wounded.
You block the hobgoblin's attack. The rat closely misses you.
The hobgoblin closely misses you.
You closely miss the rat.
The rat is heavily wounded.
The endoplasm jiggles.
The rat closely misses you. You block the hobgoblin's attack.
The rat closely misses you.
You closely miss the rat.
The rat is heavily wounded.
The hobgoblin hits you but does no damage.
The rat twitches its whiskers.
The rat completely misses you. The hobgoblin closely misses you.
You barely miss the rat.
The rat is heavily wounded.
The rat barely misses you. You block the hobgoblin's attack.
The rat barely misses you.
You completely miss the rat.
The rat is heavily wounded.
The hobgoblin hits you.
* * * LOW HITPOINT WARNING * * *
The rat bites you but does no damage.
You hit the rat.
You kill the rat!
The hobgoblin completely misses you. You block the hobgoblin's attack.
The rat bites you but does no damage.
You barely miss the rat. The hobgoblin hits you.
You die...

#.#..# ##........
...#>#..# ... ..>####
#####.# ......
......###...
####...##r#
#....#gJg@#
#.##.##...####
#.......###
..##.###(########.
.##.##.#.........
......###...........#
.......#............
........########...#
#.......# #...#


You could see a gnoll, an endoplasm, a hobgoblin and a rat.

Vanquished Creatures
  2 dart slugs (D:1)
  A ball python (D:1)
  An endoplasm (D:1)
  2 goblins (D:1)
  A kobold (D:1)
  2 rats (D:1)
9 creatures vanquished.

Notes
Turn   | Place    | Note
-------+----------+-------------------------------------------
     0 | D:1      | freelancePsychic the Gargoyle Fighter began the quest for
                  | the Orb.
     0 | D:1      | Reached XP level 1. HP: 14/14 MP: 1/1
   130 | D:1      | Reached XP level 2. HP: 16/19 MP: 2/2
   321 | D:1      | Slain by a hobgoblin

Illustrated notes

Levels and vault maps discovered:
D:1:      minmay_arrival_jagged, layout_loops_cross

Action                   || total
-------------------------++-------
Melee: Flail             ||    35
Armor: Scale mail        ||    14
Dodge: Dodged            ||    13
Block: Kite shield       ||    26

Table legend: (Time is in decaauts)
 A = Elapsed time spent in this place.
 B = Non-inter-level travel time spent in this place.
 C = Inter-level travel time spent in this place.
 D = Time resting spent in this place.
 E = Time spent auto-exploring this place.
 F = Levels seen in this place.
 G = Mean time per level.
                   A        B        C        D        E       F      G
               +--------+--------+--------+--------+--------+-----+--------+
         Total |    339 |    339 |      0 |      0 |    267 |   1 |  339.0 |
       Dungeon |    339 |    339 |      0 |      0 |    267 |   1 |  339.0 |
               +--------+--------+--------+--------+--------+-----+--------+

Top non-repeatable levels by time:
     D:1: 339 daAuts
